 Dungeon Crawl Stone Soup version 0.27-a0-1081-ge8a0a9c698 (console) character file.

Game seed: 8584828768152029481

518 nht the Quickloader (level 7, 0/50 HPs)
             Began as a Minotaur Hunter on Apr 25, 2021.
             Was an Initiate of Okawaru.
             Slain by a phantom (4 damage)
             ... on level 5 of the Dungeon.
             The game lasted 00:05:55 (4545 turns).

nht the Quickloader (Minotaur Hunter)               Turns: 4545, Time: 00:05:56

Health: 0/50       AC:  5    Str: 19    XL:     7   Next: 1%
Magic:  6/6        EV: 11    Int: 16    God:    Okawaru [......]
Gold:   165        SH:  0    Dex: 10    Spells: 6/6 levels left

rFire    . . .     SeeInvis .   b - +2 falchion (vamp)
rCold    . . .     Faith    .   (no shield)
rNeg     . . .     Spirit   .   c - +0 leather armour
rPois    .         Reflect  .   (helmet restricted)
rElec    .         Harm     .   (no cloak)
rCorr    .         Rampage  .   f - +0 pair of gloves
Will     .....                  e - +0 pair of boots
Stlth    +.........             (no amulet)
HPRegen  0.16/turn              l - +6 ring of intelligence
MPRegen  0.10/turn              (no ring)

@: attractive, hasted, very quick
A: horns 2, retaliatory headbutt, clever 1, frail 1
a: Renounce Religion


You were on level 5 of the Dungeon.
You worshipped Okawaru.
Okawaru was noncommittal.
You visited 2 branches of the dungeon, and saw 6 of its levels.

You collected 165 gold pieces.

Inventory:

Hand Weapons
 a - a +2 hand crossbow of freezing
 b - a +2 vampiric falchion (weapon)
 m - a +0 short sword
 p - a +1 dagger of speed
 r - a +0 long sword
Missiles
 d - 9 bolts
Armour
 c - a +0 leather armour (worn)
 e - a +0 pair of boots (worn)
 f - a +0 pair of gloves (worn)
Jewellery
 l - a +6 ring of intelligence (left hand)
Wands
 g - a wand of iceblast (8)
Scrolls
 j - a scroll of enchant weapon
Potions
 h - a potion of degeneration
 n - 2 potions of cancellation
 o - a potion of lignification


   Skills:
 - Level 2.4 Fighting
 * Level 9.3 Crossbows
 - Level 2.1 Dodging
 - Level 0.7 Stealth


You had 6 spell levels left.
You didn't know any spells.
Your spell library contained the following spells:

 Spells                   Type           Power      Damage    Failure   Level
 Summon Small Mammal      Summ           0%         N/A       30%         1
 Call Imp                 Summ           0%         N/A       41%         2
 Call Canine Familiar     Summ           0%         N/A       65%         3
 Confusing Touch          Hex            0%         N/A       65%         3
 Gell's Gravitas          Tloc           0%         N/A       65%         3
 Summon Guardian Golem    Hex/Summ       0%         N/A       65%         3
 Petrify                  Tmut/Erth      0%         N/A       96%         4
 Summon Ice Beast         Ice/Summ       0%         N/A       96%         4
 Summon Lightning Spire   Summ/Air       0%         N/A       96%         4
 Metabolic Englaciation   Hex/Ice        0%         N/A       100%        5
 Yara's Violent Unravell  Hex/Tmut       0%         3d3       100%        5


Dungeon Overview and Level Annotations

Branches:
Dungeon (5/15)             Temple (1/1) D:5

Altars:
Ashenzari
Cheibriados
Elyvilon
Fedhas
Gozag
Hepliaklqana
Kikubaaqudgha
Makhleb
Nemelex Xobeh
Okawaru
Qazlal
Ru
Sif Muna
Trog
Uskayaw
Vehumet
Wu Jian
Xom
Yredelemnul
Zin
The Shining One

Annotations:
D:3 Sigmund; Thantalas's ghost, amateur GrFi


Innate Abilities, Weirdness & Mutations

You have a pair of horns on your head.
You reflexively headbutt those who attack you in melee.
Your mind is acute. (Int +2)
You are frail. (-10% HP)


Message History

The phantom hits you but does no damage.
The phantom hits you.
* * * LOW HITPOINT WARNING * * *
You completely miss the phantom.
The phantom is moderately damaged.
The phantom hits you but does no damage.
You closely miss the phantom.
The phantom is moderately damaged.
Your transformation is almost over.
The phantom hits you but does no damage.
You closely miss the phantom.
The phantom is moderately damaged.
The phantom hits you but does no damage. x2
You closely miss the phantom.
The phantom is moderately damaged.
The phantom hits you.
* * * LOW HITPOINT WARNING * * *
It was a potion of attraction.
You feel attractive to monsters.
The phantom hits you but does no damage.
You miss the phantom.
The phantom is moderately damaged.
The phantom barely misses you.
You closely miss the phantom.
The phantom is moderately damaged.
The phantom hits you.
* * * LOW HITPOINT WARNING * * *
Okay, then.
Okay, then.
Okay, then.
You feel yourself speed up.
The phantom hits you but does no damage.
You hit the phantom.
The phantom is moderately damaged.
You feel less wooden.
Your +0 pair of gloves unmelds from your body.
Your +0 pair of boots unmelds from your body.
Your +0 leather armour unmelds from your body.
The phantom hits you.
You die...

≈≈≈≈≈█ █.......█ ≈≈≈≈≈█
█..⌠...█ ≈≈≈≈██
█.!....█████. ≈≈≈≈.█
█⌠.>.⌠.?(.... ≈≈≈≈.█
█......█.... ≈≈≈≈≈██
█..⌠.....██.. ≈≈≈≈≈...
█............
█≈≈≈≈██.███..██W█████..█
█≈≈≈≈≈█..?...██.@......█
.≈≈≈≈≈██████.████████...
██≈≈≈≈██████.████
88≈≈≈≈≈88.......█
.............██.█
.............█ █
88≈≈≈≈≈88.......
...≈≈≈≈≈....█>...
...≈≈≈≈≈..........


You could see a phantom.

Vanquished Creatures
  A black bear (D:2)
  An ogre (D:4)
  A scorpion (D:5)
  A water moccasin skeleton (D:5)
  A jelly (D:5)
  An iguana (D:4)
  Robin (D:3)
  3 adders
  4 gnolls (D:2)
  A white imp (D:4)
  A worm (D:2)
  A dart slug (D:1)
  10 orcs
  5 ball pythons
  5 bats
  An endoplasm (D:2)
  5 giant cockroaches
  16 goblins
  12 hobgoblins
  7 jackals
  2 quokkas
  5 frilled lizards
  5 kobolds
  4 rats
94 creatures vanquished.

Notes
Turn   | Place    | Note
-------+----------+-------------------------------------------
     0 | D:1      | nht the Minotaur Hunter began the quest for the Orb.
     0 | D:1      | Reached XP level 1. HP: 18/18 MP: 0/0
   381 | D:1      | Reached skill level 5 in Crossbows
   381 | D:1      | Reached XP level 2. HP: 25/25 MP: 1/1
   571 | D:1      | Reached XP level 3. HP: 30/30 MP: 2/2
  1070 | D:1      | Found a faded altar of an unknown god.
  1368 | D:2      | Reached skill level 6 in Crossbows
  1380 | D:2      | Reached XP level 4. HP: 14/37 MP: 3/3
  1983 | D:2      | Noticed a black bear
  1989 | D:2      | Killed a black bear
  1990 | D:2      | Reached skill level 7 in Crossbows
  1990 | D:2      | Reached XP level 5. HP: 32/42 MP: 4/4
  2341 | D:3      | Noticed Sigmund
  2482 | D:3      | Noticed Robin
  2486 | D:3      | Killed Robin
  3048 | D:3      | Found a runed translucent door.
  3048 | D:3      | Noticed Thantalas's ghost (amateur GrFi)
  3455 | D:3      | Gained mutation: You are frail. (-10% HP) [potion of
                  | mutation]
  3455 | D:3      | Gained mutation: Your mind is acute. (Int +2) [potion of
                  | mutation]
  3547 | D:4      | Reached skill level 8 in Crossbows
  3547 | D:4      | Reached XP level 6. HP: 29/45 MP: 5/5
  3956 | D:5      | Entered Level 5 of the Dungeon
  4120 | D:5      | Reached skill level 9 in Crossbows
  4371 | D:5      | Found a staircase to the Ecumenical Temple.
  4380 | Temple   | Entered the Ecumenical Temple
  4495 | Temple   | Became a worshipper of Warmaster Okawaru
  4532 | D:5      | Reached XP level 7. HP: 7/50 MP: 6/6
  4545 | D:5      | Slain by a phantom

Illustrated notes

Levels and vault maps discovered:
D:1:      dpeg_arrival_water_fire, layout_basic, basic_ecumenical_altar,
          skrybe_limestone_x, minmay_tromino_v4_a
D:2:      layout_loops_ring
D:3:      layout_basic, hellmonk_ghost_happy_afterlife,
          chequers_serial_rivers_micro_e, guppyfry_early_orc_mine, uniq_sigmund,
          uniq_robin
D:4:      layout_rooms
D:5:      wander_river, layout_loops_cross, temple_fountains,
          minmay_strange_pillars, uniq_duvessa
Temple:   compressed_dpeg_circular_temple

Skill      XL: |  1  2  3  4  5  6 |
---------------+-------------------+-----
Crossbows      | 5 6 7 8 9 |  9.3
Fighting       | |  2.4
Dodging        | |  2.1
Stealth        | |  0.7

Action                   |  1- 3 |  4- 6 |  7- 9 || total
-------------------------+-------+-------+-------++-------
Melee: Short sword       |     4 |    24 |       ||    28
       Headbutt          |       |    21 |       ||    21
       Long sword        |       |    48 |       ||    48
       Falchion          |       |    53 |    12 ||    65
 Fire: Hand crossbow     |    99 |     4 |       ||   103
Evoke: Wand              |       |     2 |       ||     2
  Use: Scroll            |     1 |     7 |       ||     8
       Potion            |     1 |     3 |     2 ||     6
Armor: Leather armour    |    10 |    38 |       ||    48
       Skin              |       |     3 |    12 ||    15
Dodge: Dodged            |    40 |    79 |     1 ||   120
       Rpst.: Long sword |       |     7 |       ||     7
       Falchion          |       |    13 |       ||    13

Table legend: (Time is in decaauts)
 A = Elapsed time spent in this place.
 B = Non-inter-level travel time spent in this place.
 C = Inter-level travel time spent in this place.
 D = Time resting spent in this place.
 E = Time spent auto-exploring this place.
 F = Levels seen in this place.
 G = Mean time per level.
                   A        B        C        D        E       F      G
               +--------+--------+--------+--------+--------+-----+--------+
         Total |   4620 |   4444 |    176 |     47 |   3786 |   6 |  770.0 |
       Dungeon |   4479 |   4343 |    136 |     47 |   3689 |   5 |  895.8 |
        Temple |    140 |    100 |     40 |      0 |     97 |   1 |  140.0 |
               +--------+--------+--------+--------+--------+-----+--------+

Top non-repeatable levels by time:
     D:3: 1463 daAuts
     D:1: 1218 daAuts
     D:2: 911 daAuts
     D:4: 544 daAuts
     D:5: 341 daAuts
  Temple: 140 daAuts
